 Dungeon Crawl Stone Soup version 0.21.0-25-ge575cb9 (webtiles) character file.

17 tidbits the Charlatan (level 2, 9/23 HPs)
             Began as a Gnoll Artificer on Jan 24, 2018.
             Was a Follower of the Shining One.
             Quit the game on level 2 of the Dungeon.
             The game lasted 00:02:29 (195 turns).

tidbits the Charlatan (Gnoll Artificer)              Turns: 195, Time: 00:02:29

Health: 9/23       AC:  3    Str: 14    XL:     2   Next: 62%
Magic:  6/6        EV: 14    Int: 13    God:    the Shining One [*.....]
Gold:   28         SH:  0    Dex: 15    Spells: 1/1 levels left

rFire    . . .     SeeInvis .   a - +0 short sword
rCold    . . .     Gourm    .   (no shield)
rNeg     . . .     Faith    .   b - +0 leather armour
rPois    .         Spirit   .   (no helmet)
rElec    .         Reflect  .   (no cloak)
rCorr    .         Harm     .   (no gloves)
MR       .....                  (no boots)
Stlth    +.........             (no amulet)
HPRegen  0.07/turn              (no ring)
MPRegen  0.10/turn              (no ring)

@: glowing
A: distributed training, fangs 1, strong nose
a: Renounce Religion


You were on level 2 of the Dungeon.
You worshipped the Shining One.
The Shining One was aware of your devotion.
You were not hungry.

You visited 1 branch of the dungeon, and saw 2 of its levels.

You collected 28 gold pieces.

Inventory:

Hand Weapons
 a - a +0 short sword (weapon)
 k - a +0 dagger
Armour
 b - a +0 leather armour (worn)
 h - a +0 ring mail
Wands
 c - a wand of flame (6)
 d - a wand of enslavement (10)
 e - a wand of random effects (14)
Scrolls
 g - a scroll of teleportation {unknown}
 j - a scroll of identify {unknown}
Potions
 i - a potion of agility {unknown}
 l - a potion of haste {unknown}
Comestibles
 f - a ration


   Skills:
 + Level 2.5 Fighting
 + Level 2.5 Short Blades
 + Level 0.4 Long Blades
 + Level 0.4 Axes
 + Level 0.4 Maces & Flails
 + Level 0.4 Polearms
 + Level 0.4 Staves
 + Level 0.4 Slings
 + Level 0.4 Bows
 + Level 0.4 Crossbows
 + Level 0.4 Throwing
 + Level 0.4 Armour
 + Level 4.5 Dodging
 + Level 2.2 Stealth
 + Level 0.4 Shields
 + Level 0.4 Unarmed Combat
 + Level 0.4 Spellcasting
 + Level 0.2 Conjurations
 + Level 0.2 Hexes
 + Level 0.2 Charms
 + Level 0.2 Summonings
 + Level 0.2 Necromancy
 + Level 0.2 Translocations
 + Level 0.2 Transmutations
 + Level 0.2 Fire Magic
 + Level 0.2 Ice Magic
 + Level 0.2 Air Magic
 + Level 0.2 Earth Magic
 + Level 0.2 Poison Magic
 + Level 0.5 Invocations
 + Level 6.5 Evocations


You had one spell level left.
You didn't know any spells.

Dungeon Overview and Level Annotations

Branches:
Dungeon (2/15)

Altars:
The Shining One


Innate Abilities, Weirdness & Mutations

Your experience applies equally to all skills.
You have very sharp teeth.
Your uncanny sense of smell can sniff out nearby items.


Message History

The puff of flame misses the bat.
The bat completely misses you.
Evoke which item? (* to show all) (? for menu, Esc to quit)
Aiming: Throw Flame
Press: ? - help, Shift-Dir - straight line, f/p - bat
Aim: a bat The puff of flame hits the bat.
You kill the bat!
Unknown command.
Found a leather armour.
You see here a bubbling sapphire potion.
i - a bubbling sapphire potion A hobgoblin comes into view.
It is wielding a club.
A rat comes into view.
Found a scroll labeled GUBIP GEQ OMAN.
The hobgoblin shouts!
You hear a shout!
A hobgoblin comes into view.
You hit the rat.
You kill the rat!
Evoke which item? (* to show all) (? for menu, Esc to quit)
Aiming: Enslavement
Press: ? - help, Shift-Dir - straight line, f - hobgoblin
Aim: a hobgoblin, wielding a club (chance to defeat MR: 80%)
The hobgoblin is charmed.
What are your orders? t - Bark!
Orders for allies: a - Attack new target. p - Attack previous target. r - Retreat! s - Stop attacking. g - Guard the area. f - Follow me.
Anything else - Cancel.
Gang up on whom?
Press: ? - help, Dir - move target cursor, f - hobgoblin, p - hobgoblin
Aim: a hobgoblin Attack!
The hobgoblin hits your hobgoblin.
Your hobgoblin hits the hobgoblin but does no damage.
The hobgoblin hits your hobgoblin.
Your hobgoblin dies!
Evoke which item? (* to show all) (? for menu, Esc to quit)
Aiming: Throw Flame
Press: ? - help, Shift-Dir - straight line, f/p - hobgoblin
Aim: a hobgoblin The puff of flame hits the hobgoblin.
You kill the hobgoblin!
You see here a scroll labeled GUBIP GEQ OMAN.
j - a scroll labeled GUBIP GEQ OMAN A goblin and a kobold come into view.
The kobold shouts!
The goblin shouts!
The kobold throws a stone.
The stone closely misses you.
Found 17 gold pieces.
Found a stone staircase leading down.
Evoke which item? (* to show all) (? for menu, Esc to quit)
Aiming: Throw Flame
Press: ? - help, Shift-Dir - straight line, f - kobold
Aim: a kobold, wielding a dagger The puff of flame misses the kobold.
The kobold throws a stone.
The stone hits you but does no damage.
Evoke which item? (* to show all) (? for menu, Esc to quit)
Aiming: Throw Flame
Press: ? - help, Shift-Dir - straight line, f/p - kobold
Aim: a kobold, wielding a dagger The puff of flame hits the kobold.
You kill the kobold!
Evoke which item? (* to show all) (? for menu, Esc to quit)
Aiming: Throw Flame
Press: ? - help, Shift-Dir - straight line, f - goblin
Aim: a goblin, wielding a dagger The puff of flame misses the goblin.
You hit the goblin.
You kill the goblin!
A rat comes into view.
You see here a dagger.
k - a dagger The rat closely misses you.
You puncture the rat!
You kill the rat!
Found 16 gold pieces and a ration.
Things that are here:
a dagger; a stone
Found a sedimented amethyst potion.
You see here 17 gold pieces.
You now have 28 gold pieces (gained 17).
You see here a sedimented amethyst potion.
l - a sedimented amethyst potion
There is a stone staircase leading down here.
You climb downwards.
Found a faded altar of an unknown god.
Found a stone staircase leading down.
There is a stone staircase leading up here.
Found a whip and a leather armour.
An adder comes into view.
Found a ration.
There is a faded altar of an unknown god here.
You cannot tell which god this altar belongs to.
Convert to them anyway?
Okay, then.
You aren't carrying any pieces of jewellery.
Unknown command.
Press < or > to pray at altars.
You cannot tell which god this altar belongs to.
Convert to them anyway?
The Shining One accepts your prayer! The Shining One welcomes you!
You and your allies can gain power from killing the unholy and evil.
Are you sure you want to abandon this character and quit the game? (Confirm with "yes".)

##### # ##...##
#..#####.....##
#....<........#
#.####.....>..#
#.............#
#..###.......###
# ##........#
#....@#..#
#....#_#)#
...#....#..#
..%[##......#
.... #.....##
.S.. ####### ∆


There were no monsters in sight!

Vanquished Creatures
  A giant cockroach (D:1)
  2 goblins (D:1)
  2 hobgoblins (D:1)
  2 jackals (D:1)
  2 bats (D:1)
  A kobold (D:1)
  5 rats (D:1)
15 creatures vanquished.

Vanquished Creatures (collateral kills)
  A hobgoblin (D:1)
1 creature vanquished.

Vanquished Creatures (others)
  A dart slug (D:1)
  A hobgoblin (D:1)
  2 jackals (D:1)
4 creatures vanquished.

Grand Total: 20 creatures vanquished

Notes
Turn   | Place    | Note
-------+----------+-------------------------------------------
     0 | D:1      | tidbits the Gnoll Artificer began the quest for the Orb.
     0 | D:1      | Reached XP level 1. HP: 17/17 MP: 4/4
    79 | D:1      | HP: 1/17 [hobgoblin/club (2)]
    80 | D:1      | Reached XP level 2. HP: 1/23 MP: 6/6
   185 | D:2      | Found a faded altar of an unknown god.
   193 | D:2      | Became a worshipper of the Shining One
   193 | D:2      | Reached * piety under the Shining One
   195 | D:2      | Quit the game

Action                   || total
-------------------------++-------
Melee: Short sword       ||    27
       Bite              ||     7
Evoke: Wand              ||    15
Armor: Leather armour    ||     3
Dodge: Dodged            ||    22

Table legend:
 A = Turns spent in this place as a percentage of turns spent in the entire game.
 B = Non-inter-level travel turns spent in this place as a percentage of non-inter-level travel turns spent in the entire game.
 C = Inter-level travel turns spent in this place as a percentage of turns spent in this place.
 D = Turns resting spent in this place as a percentage of non-inter-level travel turns spent in this place.
 E = Turns spent auto-exploring this place as a percentage of non-inter-level travel turns spent in this place.
 F = Non-inter-level travel turns spent in this place divided by the number of levels of this place that you've seen.
                   A       B       C       D       E      F
               +-------+-------+-------+-------+-------+----------------------
         Total | 100.0 | 100.0 |   0.0 |   0.0 |   0.0 |  97.5
       Dungeon | 100.0 | 100.0 |   0.0 |   0.0 |   0.0 |  97.5
               +-------+-------+-------+-------+-------+----------------------

Table legend:
 A = Kills in this place as a percentage of kills in entire the game.
 B = Kills by you in this place as a percentage of kills by you in the entire game.
 C = Kills by friends in this place as a percentage of kills by friends in the entire game.
 D = Other kills in this place as a percentage of other kills in the entire game.
 E = Experience gained in this place as a percentage of experience gained in the entire game.
 F = Experience gained in this place divided by the number of levels of this place that you have seen.
                   A       B       C       D       E      F
               +-------+-------+-------+-------+-------+----------------------
         Total | 100.0 | 100.0 | 100.0 | 100.0 | 100.0 |  12.5
       Dungeon | 100.0 | 100.0 | 100.0 | 100.0 | 100.0 |  12.5
               +-------+-------+-------+-------+-------+----------------------

Vault maps used:
D:1:      dpeg_arrival_subterranean_lakeside_camping
D:2:      first_ration, chequers_ecumenical_altar_simple, st_stairs_3,
          minivault_25, makhleb_heckhound_becter
